Match 46411915
Unlisted

Match 46411915
End
Engineer Squad
Construct Barracks
Selects Airborne Battlegroup
Selects Heavy Machine Gun Paradrop
1⁄4-ton 4x4 Truck
Heavy Machine Gun Paradrop
Selects Paratrooper Squad Paradrop
Paratrooper Squad Paradrop
Paratrooper Squad Paradrop
Heavy Machine Gun Paradrop
Construct Medical Station
Mechanized Support Center
Selects Anti-tank Gun Team Paradrop
Anti-tank Gun Team Paradrop
Paratrooper Squad Paradrop
Construct Tank Depot
Selects Recon Loiter
Selects Supply Drop
M4A1 Sherman Medium Tank
M4A1 Sherman Medium Tank
Designate Forward Repair Station
M4A1 76mm Conversion
M4A1(76) Sherman Medium Tank
Anti-tank Gun Team Paradrop
Selects Carpet Bombing Run
Recon Loiter
Carpet Bombing Run
M18 Hellcat Tank Destroyer
M18 Hellcat Tank Destroyer
Recon Loiter
Esxile
leto
✠Kaiser✠ tushkan
✠Kaiser✠ PERVITIN
0
0

Comments sign in to comment!

No comments posted yet!